SL
GRAFTON MIDDIES @ TOLEDO STINGERS
04/15/2026
 
TOP OF THE 1ST
Grafton Middies batting - Pitching for Toledo Stingers : RHP Eddie Kop
Pitching: RHP Eddie Kop
Batting: RHB Pedro Santos 0-0: Ball
1-0: Foul Ball, location: 2F
1-1: Foul Ball, location: 2F
1-2: Foul Ball, location: 2F
1-2: Ball
2-2: Fly out, F9 (Flyball, 9LM)
Batting: RHB Carlos Maldonado 0-0: Ball
1-0: Ball
2-0: DOUBLE (Line Drive, 78M)
Batting: LHB Mario Ramos 0-0: Foul Ball, location: 2F
0-1: SINGLE (Line Drive, 9S)
Carlos Maldonado to third
Batting: RHB Jarred Morgan 0-0: Called Strike
0-1: Ball
1-1: Foul Ball, location: 2F
1-2: Ball
2-2: Fielders Choice at 2nd, 5-4 (Groundball, 56)
Carlos Maldonado scores
Batting: RHB Ramón Gómez 0-0: Ball
1-0: Foul Ball, location: 2F
1-1: Fielders Choice at 2nd, 6-4 (Groundball, 6)
Top of the 1st over - 1 run(s), 2 hit(s), 0 error(s), 0 left on base; Grafton 1 - Toledo 0
BOTTOM OF THE 1ST
Toledo Stingers batting - Pitching for Grafton Middies : RHP Wayne Hurst
Pitching: RHP Wayne Hurst
Batting: SHB Gregg Wagner 0-0: Ball
1-0: Swinging Strike
1-1: Swinging Strike
1-2: Ball
2-2: Strikes out swinging
Batting: RHB John Downing 0-0: Ball
1-0: Called Strike
1-1: Fly out, F9 (Flyball, 9LM)
Batting: LHB Yannick Hendriksen 0-0: Ball
1-0: Ball
2-0: Ground out 4-3 (Groundball, 34D)
Bottom of the 1st over - 0 run(s), 0 hit(s), 0 error(s), 0 left on base; Grafton 1 - Toledo 0
TOP OF THE 2ND
Grafton Middies batting - Pitching for Toledo Stingers : RHP Eddie Kop
Batting: RHB Dave Ash 0-0: Called Strike
0-1: Ball
1-1: Ground out 6-3 (Groundball, 6)
Batting: RHB Stefano Gaddi 0-0: SINGLE (Popup, 56D)
Batting: SHB Jack MacAsgill 0-0: Called Strike
0-1: Ball
1-1: Foul Ball, location: 2F
Balk!
Stefano Gaddi to second
1-2: Strikes out looking
Batting: RHB Dennis Clifton 0-0: Foul Ball, location: 2F
0-1: Foul Ball, location: 2F
0-2: Ball
1-2: Ball
2-2: Strikes out swinging
Top of the 2nd over - 0 run(s), 1 hit(s), 0 error(s), 1 left on base; Grafton 1 - Toledo 0
BOTTOM OF THE 2ND
Toledo Stingers batting - Pitching for Grafton Middies : RHP Wayne Hurst
Batting: RHB Enrique Pérez 0-0: Ball
1-0: Called Strike
1-1: Ground out 5-3 (Groundball, 56)
Batting: LHB Jorge Flores 0-0: Ball
1-0: Called Strike
1-1: SINGLE (Groundball, 6MD)
Batting: RHB Anthony Johnston 0-0: Fly out, F5 (Line Drive, 5L)
Lined into DP, 5-3 (Line Drive, 5L)
Bottom of the 2nd over - 0 run(s), 1 hit(s), 0 error(s), 0 left on base; Grafton 1 - Toledo 0
TOP OF THE 3RD
Grafton Middies batting - Pitching for Toledo Stingers : RHP Eddie Kop
Batting: RHB Pedro Santos 0-0: Ball
1-0: Ball
2-0: Ball
3-0: Called Strike
3-1: Swinging Strike
3-2: Fly out, F9 (Flyball, 9)
Batting: RHB Carlos Maldonado 0-0: Called Strike
0-1: Called Strike
0-2: Strikes out swinging, 2-3 out at first.
Batting: LHB Mario Ramos 0-0: Fly out, F8 (Flyball, 8LS)
Top of the 3rd over - 0 run(s), 0 hit(s), 0 error(s), 0 left on base; Grafton 1 - Toledo 0
BOTTOM OF THE 3RD
Toledo Stingers batting - Pitching for Grafton Middies : RHP Wayne Hurst
Batting: RHB Alfredo Martínez 0-0: Ball
1-0: Foul Ball, location: 2F
1-1: SINGLE (Groundball, 25) (infield hit)
Batting: RHB Alfredo Méndez 0-0: Foul Ball, location: 2F
0-1: Ball
1-1: Swinging Strike
1-2: Grounds into double play, 6-4-3 (Groundball, 6)
Batting: RHB Pil-joong Pak 0-0: Called Strike
0-1: Ball
1-1: Ball
2-1: SINGLE (Line Drive, 56D)
Batting: SHB Gregg Wagner 0-0: Fly out, F9 (Flyball, 89M)
Bottom of the 3rd over - 0 run(s), 2 hit(s), 0 error(s), 1 left on base; Grafton 1 - Toledo 0
TOP OF THE 4TH
Grafton Middies batting - Pitching for Toledo Stingers : RHP Eddie Kop
Batting: RHB Jarred Morgan 0-0: Foul Ball, location: 2F
0-1: Foul Ball, location: 2F
0-2: Ground out 6-3 (Groundball, 6)
Batting: RHB Ramón Gómez 0-0: Ball
1-0: Called Strike
1-1: Ball
2-1: Foul Ball, location: 2F
2-2: Foul Ball, location: 2F
2-2: Foul Ball, location: 2F
2-2: Ground out 4-3 (Groundball, 4M)
Batting: RHB Dave Ash 0-0: Ball
1-0: Ball
2-0: Foul Ball, location: 2F
2-1: Ground out 5-3 (Groundball, 56)
Top of the 4th over - 0 run(s), 0 hit(s), 0 error(s), 0 left on base; Grafton 1 - Toledo 0
BOTTOM OF THE 4TH
Toledo Stingers batting - Pitching for Grafton Middies : RHP Wayne Hurst
Batting: RHB John Downing 0-0: Called Strike
0-1: Foul Ball, location: 2F
0-2: Ball
1-2: Ball
2-2: Ball
3-2: DOUBLE (Line Drive, 7LD)
Batting: LHB Yannick Hendriksen 0-0: Ball
1-0: Foul Ball, location: 2F
1-1: Ball
2-1: Hit by Pitch
Batting: RHB Enrique Pérez 0-0: Called Strike
0-1: Foul Ball, location: 2F
0-2: Foul Ball, location: 2F
0-2: Ball
1-2: Strikes out swinging
Batting: LHB Jorge Flores 0-0: Ball
1-0: Fly out, F8 (Flyball, 8LS)
Batting: RHB Anthony Johnston 0-0: Called Strike
0-1: Ball
1-1: Fielders Choice at 2nd, 6-4 (Groundball, 6)
Bottom of the 4th over - 0 run(s), 1 hit(s), 0 error(s), 1 left on base; Grafton 1 - Toledo 0
TOP OF THE 5TH
Grafton Middies batting - Pitching for Toledo Stingers : RHP Eddie Kop
Pitching: RHP Brad Cunnick
Batting: RHB Stefano Gaddi 0-0: Called Strike
0-1: Ground out 3-1 (Groundball, 23)
Batting: SHB Jack MacAsgill 0-0: Ball
1-0: Foul Ball, location: 2F
1-1: Swinging Strike
1-2: Ball
2-2: Foul Ball, location: 2F
2-2: Ball
3-2: Foul Ball, location: 2F
3-2: Base on Balls
Batting: RHB Dennis Clifton 0-0: Ball
1-0: Ball
2-0: Swinging Strike
2-1: SINGLE (Groundball, 4MD)
Jack MacAsgill to second
Runner from 2nd tries for 3rd, OUT!
Batting: RHB Pedro Santos 0-0: Ball
1-0: Called Strike
1-1: Foul Ball, location: 2F
1-2: Fly out, F4 (Popup, 4)
Top of the 5th over - 0 run(s), 1 hit(s), 0 error(s), 1 left on base; Grafton 1 - Toledo 0
BOTTOM OF THE 5TH
Toledo Stingers batting - Pitching for Grafton Middies : RHP Wayne Hurst
Pitching: RHP Robbie Baxter
Batting: RHB Alfredo Martínez 0-0: Called Strike
0-1: Ball
1-1: Ball
2-1: Called Strike
2-2: Foul Ball, location: 2F
2-2: Foul Ball, location: 2F
2-2: Foul Ball, location: 2F
2-2: Strikes out looking
Batting: RHB Alfredo Méndez 0-0: Ball
1-0: Called Strike
1-1: Called Strike
1-2: Ball
2-2: SINGLE (Groundball, 6MD)
Batting: RHB Pil-joong Pak 0-0: Ball
1-0: Called Strike
1-1: Ball
2-1: Ball
Alfredo Méndez steals 2nd base
3-1: Called Strike
3-2: Strikes out swinging
Batting: SHB Gregg Wagner 0-0: Ground out 3-1 (Groundball, 34)
Bottom of the 5th over - 0 run(s), 1 hit(s), 0 error(s), 1 left on base; Grafton 1 - Toledo 0
TOP OF THE 6TH
Grafton Middies batting - Pitching for Toledo Stingers : RHP Brad Cunnick
Batting: RHB Carlos Maldonado 0-0: Ball
1-0: Called Strike
1-1: Swinging Strike
1-2: Strikes out looking
Batting: LHB Mario Ramos 0-0: Ball
1-0: Reached on error, E4 (Groundball, 34D)
Batting: RHB Jarred Morgan 0-0: Foul Ball, location: 2F
0-1: Called Strike
0-2: Ball
1-2: Ground out 1-3 (Groundball, 13S)
Mario Ramos to third
Batting: RHB Ramón Gómez 0-0: Ball
1-0: Ball
2-0: Ball
3-0: Base on Balls
Batting: RHB Dave Ash 0-0: Ball
1-0: Swinging Strike
1-1: Ball
2-1: Ball
3-1: Base on Balls
Ramón Gómez to second
Batting: RHB Stefano Gaddi 0-0: Ball
1-0: Ball
2-0: Called Strike
2-1: Ground out 5-3 (Groundball, 56S)
Top of the 6th over - 0 run(s), 0 hit(s), 1 error(s), 3 left on base; Grafton 1 - Toledo 0
BOTTOM OF THE 6TH
Toledo Stingers batting - Pitching for Grafton Middies : RHP Robbie Baxter
Batting: RHB John Downing 0-0: Called Strike
0-1: Foul Ball, location: 2F
0-2: Strikes out swinging
Batting: LHB Yannick Hendriksen 0-0: Ground out 4-3 (Groundball, 4)
Batting: RHB Enrique Pérez 0-0: Ball
1-0: Fly out, F9 (Flyball, 9LM)
Bottom of the 6th over - 0 run(s), 0 hit(s), 0 error(s), 0 left on base; Grafton 1 - Toledo 0
TOP OF THE 7TH
Grafton Middies batting - Pitching for Toledo Stingers : RHP Brad Cunnick
Batting: SHB Jack MacAsgill 0-0: Called Strike
0-1: Swinging Strike
0-2: Strikes out swinging
Batting: RHB Dennis Clifton 0-0: Ball
1-0: Ball
2-0: Ball
3-0: Base on Balls
Pinch Hitting: RHB Pedro Orozco 0-0: Ground out 5-3 (Groundball, 56)
Dennis Clifton to second
Pinch Hitting: RHB Wes Bradley 0-0: Ball
1-0: Fly out, F9 (Flyball, 9S)
Top of the 7th over - 0 run(s), 0 hit(s), 0 error(s), 1 left on base; Grafton 1 - Toledo 0
BOTTOM OF THE 7TH
Toledo Stingers batting - Pitching for Grafton Middies : RHP Robbie Baxter
Now at C: Jorge Colomo
Now at 2B: Wes Bradley
Now at SS: Nathan Boswell
Batting: LHB Jorge Flores 0-0: Ball
1-0: Ball
2-0: SOLO HOME RUN (Flyball, 9D), Distance : 381 ft
Batting: RHB Anthony Johnston 0-0: Ball
1-0: Ball
2-0: Foul Ball, location: 2F
2-1: Foul Ball, location: 2F
2-2: Fly out, F6 (Line Drive, 6)
Batting: RHB Alfredo Martínez 0-0: Foul Ball, location: 2F
0-1: Called Strike
0-2: Foul Ball, location: 2F
0-2: Ball
1-2: Strikes out looking
Batting: RHB Alfredo Méndez 0-0: Called Strike
0-1: Ball
1-1: Ball
2-1: Ground out 5-3 (Groundball, 56)
Bottom of the 7th over - 1 run(s), 1 hit(s), 0 error(s), 0 left on base; Grafton 1 - Toledo 1
TOP OF THE 8TH
Grafton Middies batting - Pitching for Toledo Stingers : RHP Brad Cunnick
Batting: LHB Mario Ramos 0-0: Ball
1-0: Ball
2-0: Foul Ball, location: 2F
2-1: Foul Ball, location: 2F
2-2: Hit by Pitch
Batting: RHB Jarred Morgan 0-0: Called Strike
0-1: Swinging Strike
0-2: SINGLE (Line Drive, 6MD)
Mario Ramos to second
Batting: RHB Ramón Gómez 0-0: Called Strike
0-1: Grounds into double play, 5-4-3 (Groundball, 56)
Mario Ramos to third
Batting: RHB Dave Ash 0-0: Called Strike
0-1: Foul Ball, location: 2F
0-2: Ball
1-2: Ball
2-2: Strikes out looking
Top of the 8th over - 0 run(s), 1 hit(s), 0 error(s), 1 left on base; Grafton 1 - Toledo 1
BOTTOM OF THE 8TH
Toledo Stingers batting - Pitching for Grafton Middies : RHP Robbie Baxter
Batting: RHB Pil-joong Pak 0-0: Ball
1-0: Called Strike
1-1: Ball
2-1: Ground out 4-3 (Groundball, 4)
Pinch Hitting: RHB Gerald Clark 0-0: Foul Ball, location: 2F
0-1: Foul Ball, location: 2F
0-2: Ball
1-2: Hit by Pitch
Pinch Runner at 1st José Ortega:
Batting: LHB Chris West 0-0: Called Strike
0-1: Ball
1-1: Ball
2-1: Ball
3-1: Foul Ball, location: 2F
3-2: Strikes out swinging
Pinch Hitting: RHB Mike Burns 0-0: Ball
1-0: Ball
2-0: Fielders Choice at 2nd, 6-4 (Groundball, 6)
Bottom of the 8th over - 0 run(s), 0 hit(s), 0 error(s), 0 left on base; Grafton 1 - Toledo 1
TOP OF THE 9TH
Grafton Middies batting - Pitching for Toledo Stingers : RHP Brad Cunnick
Pitching: RHP Ryoichi Maruyama
Now at 1B: José Ortega
Now in CF: Mike Burns
Batting: RHB Stefano Gaddi 0-0: Called Strike
0-1: Ball
1-1: Ground out 4-3 (Groundball, 4M)
Batting: SHB Jack MacAsgill 0-0: Ball
1-0: Ball
2-0: Called Strike
2-1: Swinging Strike
2-2: Ground out 4-3 (Groundball, 4)
Batting: SHB Jorge Colomo 0-0: SINGLE (Groundball, 56D)
Batting: RHB Nathan Boswell 0-0: Called Strike
0-1: Ball
1-1: Ball
2-1: DOUBLE (Line Drive, 78XD)
Jorge Colomo to third
Batting: RHB Wes Bradley 0-0: Ball
1-0: Ball
2-0: Fly out, F6 (Line Drive, 56)
Top of the 9th over - 0 run(s), 2 hit(s), 0 error(s), 2 left on base; Grafton 1 - Toledo 1
BOTTOM OF THE 9TH
Toledo Stingers batting - Pitching for Grafton Middies : RHP Robbie Baxter
Pitching: RHP Jon Schultz
Pinch Hitting: RHB Preston Hernández 0-0: Called Strike
0-1: Foul Ball, location: 2F
0-2: Foul Ball, location: 2F
0-2: Strikes out swinging
Pinch Hitting: RHB Bob Campbell 0-0: Called Strike
0-1: Ball
1-1: Foul Ball, location: 2F
1-2: Ball
2-2: Foul Ball, location: 2F
2-2: Ball
3-2: Strikes out swinging
Pinch Hitting: RHB Juan Ramos 0-0: SINGLE (Groundball, 5D)
Pinch Hitting: RHB Pedro Pérez 0-0: Ball
1-0: Called Strike
1-1: Ground out 1-3 (Groundball, P)
Bottom of the 9th over - 0 run(s), 1 hit(s), 0 error(s), 1 left on base; Grafton 1 - Toledo 1
TOP OF THE 10TH
Grafton Middies batting - Pitching for Toledo Stingers : RHP Ryoichi Maruyama
Now at C: Ramiro Rico
Now at 1B: Preston Hernández
Now at SS: Bernardo Márquez
Now in CF: Pedro Pérez
Batting: LHB Mario Ramos 0-0: Ball
1-0: Ball
2-0: Called Strike
2-1: Ball
3-1: Base on Balls
Batting: RHB Jarred Morgan 0-0: Ball
1-0: DOUBLE (Line Drive, 89M)
Mario Ramos to third
Batting: RHB Ramón Gómez 0-0: Ball
1-0: Foul Ball, location: 2F
1-1: Called Strike
1-2: Fly out, F8 (Flyball, 8RM)
Runner from 3rd tags up, SCORES, throw made
Pitching: RHP Dallas Blome
Batting: RHB Dave Ash 0-0: SINGLE (Line Drive, 89S)
Jarred Morgan to third
Pitching: LHP José Tovar
Batting: RHB Stefano Gaddi 0-0: Ball
1-0: Ball
2-0: Grounds into double play, 6-4-3 (Groundball, 6)
Top of the 10th over - 1 run(s), 2 hit(s), 0 error(s), 1 left on base; Grafton 2 - Toledo 1
BOTTOM OF THE 10TH
Toledo Stingers batting - Pitching for Grafton Middies : RHP Jon Schultz
Pinch Hitting: RHB Kade Knowles 0-0: Ball
1-0: Fly out, F7 (Flyball, 7LM)
Pinch Hitting: RHB José Vázquez 0-0: SINGLE (Line Drive, 4MD)
Batting: LHB José Ortega 0-0: Ball
1-0: Called Strike
1-1: Called Strike
1-2: Strikes out swinging
Batting: LHB Chris West 0-0: Foul Ball, location: 2F
0-1: Swinging Strike
0-2: Foul Ball, location: 2F
0-2: SINGLE (Groundball, 34D)
José Vázquez to second
Runner from 2nd tries for 3rd, OUT!
Bottom of the 10th over - 0 run(s), 2 hit(s), 0 error(s), 1 left on base; Grafton 2 - Toledo 1
Monday, March 20th, 2017 - OOTP Baseball 17.12 Build 75